 Dungeon Crawl Stone Soup version 0.29.0-13-gc9e81de378 (webtiles) character file.

Game seed: 14362760018997271139

186 iguanaiguana the Shield-Bearer (level 5, 0/38 (47) HPs)
             Began as a Minotaur Fighter on Sept 7, 2022.
             Slain by Edmund
             ... wielding a +0 flail of draining
              (1 damage)
             ... on level 4 of the Dungeon.
             The game lasted 00:01:16 (2681 turns).

iguanaiguana the Shield-Bearer (Minotaur Fighter)   Turns: 2681, Time: 00:01:17

HP:   0/38 (47)     AC: 10    Str: 22    XL:     5   Next: 38%
MP:   4/4           EV:  9    Int:  5    God:
Gold: 144           SH:  4    Dex: 10    Spells: 4/4 levels left

rFire   . . .      SeeInvis .   a - +0 war axe
rCold   . . .      Faith    .   c - +0 buckler
rNeg    . . .      Spirit   .   b - +0 scale mail
rPois   .          Reflect  .   (helmet restricted)
rElec   .          Harm     .   p - +0 cloak
rCorr   .          Rampage  .   (no gloves)
Will    .....                   q - +1 pair of boots
Stlth   ..........              (no amulet)
HPRegen 0.12/turn               (no ring)
MPRegen 0.09/turn               (no ring)

@: heavily drained
A: horns 2, retaliatory headbutt
a: no special abilities


You were on level 4 of the Dungeon.
You visited 1 branch of the dungeon, and saw 4 of its levels.

You collected 144 gold pieces.

Inventory:

Hand Weapons
 a - a +0 war axe (weapon)
Missiles
 k - 5 javelins (quivered)
Armour
 b - a +0 scale mail (worn)
 c - a +0 buckler (worn)
 p - a +0 cloak (worn)
 q - a +1 pair of boots (worn)
Jewellery
 l - a ring of resist corrosion
Scrolls
 e - 3 scrolls of identify {unknown}
 h - 2 scrolls of teleportation {unknown}
 r - a scroll of amnesia {unknown}
Potions
 d - 2 potions of might {@q3}
 f - a potion of magic {unknown}
 g - 2 potions of curing {@q1}
 i - a potion of heal wounds {unknown}
 j - a potion of degeneration {unknown}
 m - a potion of cancellation {unknown}
 n - 2 potions of mutation {unknown}
 o - 2 potions of resistance {unknown}


   Skills:
 + Level 4.6 Fighting
 * Level 4.6 Axes
 + Level 4.6 Armour
 + Level 4.6 Shields


You had 4 spell levels left.
You didn't know any spells.
Your spell library contained the following spells:

 Spells                   Type           Power      Damage    Failure   Level
 Freeze                   Ice            0%         1d3       86%         1
 Frozen Ramparts          Ice            0%         1d1       99%         3
 Hailstorm                Conj/Ice       0%         3d3       100%        4


Dungeon Overview and Level Annotations

Branches:
Dungeon (4/15) Zot: 21270
 Temple: D:4-7

Altars:

Shops:
D:1 !

Annotations:
D:4 Edmund


Innate Abilities, Weirdness & Mutations

You have a pair of horns on your head.
You reflexively headbutt those who attack you in melee.


Message History

You kill the hobgoblin!
You slash the kobold!
You kill the kobold!
You barely miss Edmund.
You feel drained.
You closely miss Edmund.
Edmund hits you with a +0 flail of draining.
* * * LOW HITPOINT WARNING * * *
You feel drained.
You hit Edmund but do no damage. You slash Edmund!
Edmund is moderately wounded.
Edmund hits you with a +0 flail of draining!
* * * LOW HITPOINT WARNING * * *
You feel drained.
* * * LOW HITPOINT WARNING * * *
You feel drained.
You hit Edmund.
Edmund is heavily wounded.
You hit Edmund.
Edmund is severely wounded.
You barely miss Edmund.
Edmund is almost dead.
Edmund hits you with a +0 flail of draining.
* * * LOW HITPOINT WARNING * * *
You feel drained.
* * * LOW HITPOINT WARNING * * *
Edmund clears his throat.
Edmund hits you with a +0 flail of draining.
* * * LOW HITPOINT WARNING * * *
You feel drained.
* * * LOW HITPOINT WARNING * * *
You completely miss Edmund.
Edmund is almost dead.
Edmund drinks a potion.
Edmund is healed!
You closely miss Edmund.
Edmund is almost dead.
Edmund hits you with a +0 flail of draining.
* * * LOW HITPOINT WARNING * * *
You feel drained.
You die...

..............# # #
..............###..
.# .................#
.. #
...............#.# #.
.#
........<........##.
.#
..............###..
.#
..............#$.)#.#
..............###@.#
................@##.#
...............#.# .#
...........(.....# ..
.............###...
#. ..........# .#.# #
........... .. #
............ ...
................


You could see Edmund.

Vanquished Creatures
  A hound (D:4)
  A jelly (D:4)
  Crazy Yiuf (D:2)
  3 adders
  A worm (D:2)
  2 dart slugs
  4 orcs
  5 bats
  3 endoplasms
  5 giant cockroaches
  3 goblins
  5 hobgoblins
  A quokka (D:2)
  8 ball pythons
  2 frilled lizards (D:1)
  7 kobolds
  4 rats
56 creatures vanquished.

Vanquished Creatures (others)
  11 plants (D:2)
11 creatures vanquished.

Grand Total: 67 creatures vanquished

Notes
Turn   | Place    | Note
-------+----------+-------------------------------------------
     0 | D:1      | iguanaiguana the Minotaur Fighter began the quest for the
                  | Orb.
     0 | D:1      | Reached XP level 1. HP: 19/19 MP: 0/0
   150 | D:1      | Reached XP level 2. HP: 24/27 MP: 1/1
   376 | D:1      | Found Legaghu's Distillery.
   749 | D:2      | Reached XP level 3. HP: 32/33 MP: 2/2
  1165 | D:2      | Found a runed translucent door.
  1166 | D:2      | Noticed Crazy Yiuf
  1450 | D:2      | Found a faded altar of an unknown god.
  1639 | D:2      | Killed Crazy Yiuf
  1640 | D:2      | Reached XP level 4. HP: 23/40 MP: 3/3
  2659 | D:4      | Noticed Edmund
  2661 | D:4      | Reached XP level 5. HP: 46/47 MP: 4/4
  2681 | D:4      | HP: 1/40 [Edmund/+0 flail of draining (5)]
  2681 | D:4      | Slain by Edmund

Illustrated notes

Levels and vault maps discovered:
D:1:      heliophobic_arrival_henge, layout_basic, serial_shops, shop,
          minmay_misc_feat_room
D:2:      minmay_door_path, layout_basic, shapermc_ecumenical_altar_hornbeckon,
          nrook_uturn, uniq_crazy_yiuf_cottage
D:3:      layout_basic, minmay_misc_feat_cross, minmay_door_square,
          columned_hall_lemuel, nicolae_titane
D:4:      layout_layer_cave, kennysheep_decorative_pillar, minmay_starry_boxes,
          uniq_eustachio, uniq_ijyb, uniq_edmund

Skill      XL: |  1  2  3  4 |
---------------+-------------+-----
Axes           | 3 4 |  4.6
Armour         | 4 |  4.6
Shields        | 4 |  4.6
Fighting       | 4 |  4.6

Action                   |  1- 3 |  4- 6 || total
-------------------------+-------+-------++-------
Melee: War axe           |    76 |    51 ||   127
       Headbutt          |    11 |     8 ||    19
Armor: Scale mail        |    35 |    20 ||    55
Dodge: Dodged            |    36 |    21 ||    57
Block: Buckler           |    15 |    16 ||    31
